 Dungeon Crawl Stone Soup version 0.23-a0-370-gf497b7c (webtiles) character file.

3040 Garbasso the Geomancer (level 9, -4/56 HPs)
             Began as a Gargoyle Earth Elementalist on Oct 24, 2018.
             Was a Follower of Vehumet.
             Slain by Erolcha
             ... wielding a +0 giant club
              (25 damage)
             ... on level 9 of the Dungeon.
             The game lasted 00:32:10 (10490 turns).

Garbasso the Geomancer (GrEE)                      Turns: 10490, Time: 00:32:11

Health: -4/56      AC: 11    Str: 17    XL:     9   Next: 86%
Magic:  0/13       EV: 12    Int: 20    God:    Vehumet [*.....]
Gold:   423        SH:  0    Dex: 10    Spells: 1/14 levels left

rFire    . . .     SeeInvis .   h - +2 whip (drain)
rCold    . . .     Gourm    .   (no shield)
rNeg     + . .     Faith    .   A - +2 leather armour {MR+}
rPois    ∞         Spirit   .   (no helmet)
rElec    +         Reflect  .   (no cloak)
rCorr    .         Harm     .   (no gloves)
MR       +....                  (no boots)
Stlth    ++........             (no amulet)
HPRegen  0.18/turn              i - +6 ring of strength
MPRegen  0.13/turn              (no ring)

@: no status effects
A: negative energy resistance 1, electricity resistance, unbreathing,
petrification resistance, rot immunity, AC +6
a: Renounce Religion


You were on level 9 of the Dungeon.
You worshipped Vehumet.
Vehumet was aware of your devotion.
You were hungry.

You visited 2 branches of the dungeon, and saw 12 of its levels.
You also visited: Sewer and Ossuary.

You collected 423 gold pieces.

Inventory:

Hand Weapons
 h - a +2 whip of draining (weapon)
Missiles
 b - 113 stones (quivered)
Armour
 s - a +0 ring mail of fire resistance
 A - a +2 leather armour of magic resistance (worn)
Jewellery
 i - a +6 ring of strength (left hand)
 B - an uncursed ring of magical power
Wands
 p - a wand of flame (19)
Scrolls
 f - 2 scrolls of remove curse
 g - a scroll of enchant weapon {unknown}
 j - 2 scrolls of blinking {unknown}
 k - a scroll of magic mapping {unknown}
 q - 2 scrolls of fog {unknown}
 r - 2 scrolls of identify
 u - a scroll of holy word {unknown}
 v - 2 scrolls of noise {unknown}
 w - 2 scrolls of random uselessness {unknown}
 x - a scroll of immolation {unknown}
 y - a scroll of teleportation {unknown}
Potions
 a - 3 potions of heal wounds
 e - 4 potions of curing
 l - 2 potions of magic
 m - 3 potions of might
 o - 3 potions of haste
 t - 2 potions of lignification
 z - 4 potions of mutation {unknown}
 C - a potion of brilliance {unknown}
Comestibles
 c - 3 chunks of flesh
 d - 13 rations


   Skills:
 + Level 6.8 Fighting
 - Level 2.0 Dodging
 - Level 2.9 Stealth
 - Level 3.0 Spellcasting
 + Level 6.8 Conjurations
 - Level 0.7 Transmutations
 * Level 11.4 Earth Magic


You had one spell level left.
You knew the following spells:

 Your Spells              Type           Power        Failure   Level  Hunger
a - Sandblast             Erth           #####.       1%          1    None
b - Stone Arrow           Conj/Erth      #####.       1%          3    ###....
c - Lee's Rapid Deconstr  Erth           #####.....   4%          5    ######.
d - Petrify               Tmut/Erth      ####....     14%         4    ####...

Your spell library contained the following spells:

 Spells                   Type           Power        Failure   Level  Hunger
 Magic Dart               Conj           ####         1%          1    None
 Corona                   Hex            #......      17%         1    None
 Passwall                 Tmut/Erth      ####....     2%          2    ##.....
 Dazzling Spray           Conj/Hex       ###...       13%         3    ###....
 Ensorcelled Hibernation  Hex/Ice        #.....       26%         2    ##.....
 Confuse                  Hex            #.......     45%         3    ###....
 Tukima's Dance           Hex            #.......     45%         3    ###....


Dungeon Overview and Level Annotations

Branches:
Dungeon (11/15)            Temple (1/1) D:6
   Lair: D:8-11         Orc: D:9-12

Altars:
Ashenzari
Cheibriados
Dithmenos
Elyvilon
Fedhas
Hepliaklqana
Kikubaaqudgha
Makhleb
Nemelex Xobeh
Qazlal
Ru
Sif Muna
Trog
Uskayaw
Vehumet
Wu Jian
Xom
Yredelemnul
Zin
The Shining One

Annotations:
D:9 Erolcha


Innate Abilities, Weirdness & Mutations

You are resistant to torment.
Your stone body is resilient. (AC +6)
You are immune to poison.
You resist negative energy. (rN+)
You are resistant to electric shocks. (rElec)
You can survive without breathing.
You are immune to petrification.
You are immune to rotting.


Message History

Erolcha is severely wounded.
The blast of rock fragments hits the leopard gecko.
You kill the leopard gecko!
Vehumet accepts your kill. Erolcha casts a spell at you.
The stone arrow hits you!
Erolcha points at you and mumbles some strange words.
The bolt of lightning hits you! You resist.
There is an open door here.
You close the door.
Something unseen opens the door.
Casting: Lee's Rapid Deconstruction (safe; 4% risk of failure)
Confirm with . or Enter, or press ? or * to list all spells.
Aiming: Sandblast (safe; 1% risk of failure)
Press: ? - help, Shift-Dir - straight line, f - Erolcha
Aim: Erolcha, wielding a +0 giant club and wearing a +0 robe (severely wounded)
The blast of sand misses Erolcha.
b - 113 stones Erolcha hits you with a +0 giant club!!
You die...

####+ ######
......#####....###
......'O.##@.....#
.....$##..O....#.#
..... ####....#
...l #....# ..(
#....# .. ##'####
. #....# ######'##
#.#.....#


You could see Erolcha.

Vanquished Creatures
  Grinder (D:6)
  Edmund (D:6)
  Duvessa (D:6)
  2 ice beasts
  A black bear (D:6)
  An orc warrior (D:6)
  An ogre (D:7)
  3 centaurs
  A crocodile (D:9)
  3 bullfrogs
  Dowan (D:6)
  A scorpion (D:10)
  A water moccasin skeleton (D:6)
  4 killer bees
  2 howler monkeys (D:7)
  4 crimson imps
  3 hounds
  2 centaur zombies
  A human zombie (Ossuary)
  3 jellies
  3 orc priests
  A bullfrog skeleton (D:8)
  3 orc wizards
  An iguana (D:5)
  5 worker ants
  2 killer bee zombies
  A hound zombie (D:7)
  6 mummies (Ossuary)
  6 adders
  7 gnolls
  6 river rats
  3 shadow imps
  2 oozes
  6 worms
  3 dart slugs
  5 leopard geckos
  23 orcs
  5 ball pythons
  3 giant cockroaches
  10 goblins
  5 hobgoblins
  3 jackals (D:9)
  5 kobolds
  6 quokkas
  7 bats
  8 frilled lizards
  A gnoll zombie (Ossuary)
  A goblin zombie (Ossuary)
  3 hobgoblin zombies (Ossuary)
  A kobold zombie (Ossuary)
  2 leopard gecko skeletons
  An orc zombie (Ossuary)
  16 rats
  A spectral orc (D:7)
198 creatures vanquished.

Vanquished Creatures (others)
  16 plants (D:9)
16 creatures vanquished.

Grand Total: 214 creatures vanquished

Notes
Turn   | Place    | Note
-------+----------+-------------------------------------------
     0 | D:1      | Garbasso the Gargoyle Earth Elementalist began the quest
                  | for the Orb.
     0 | D:1      | Reached XP level 1. HP: 10/10 MP: 3/3
   169 | D:1      | Reached XP level 2. HP: 15/15 MP: 0/5
  1027 | D:2      | Found a snail-covered altar of Cheibriados.
  1035 | D:2      | Reached skill level 4 in Earth Magic
  1035 | D:2      | Reached XP level 3. HP: 19/19 MP: 2/6
  1320 | D:2      | Learned a level 3 spell: Stone Arrow
  1587 | D:2      | Reached XP level 4. HP: 24/24 MP: 0/7
  1847 | D:3      | Found a hazy altar of Hepliaklqana.
  2144 | D:3      | Found a glowing golden altar of the Shining One.
  2154 | D:3      | Reached skill level 1 in Fighting
  2162 | D:3      | Reached skill level 1 in Conjurations
  2178 | D:3      | Found a glowing drain.
  2208 | Sewer    | Entered a sewer
  2267 | Sewer    | Reached XP level 5. HP: 29/29 MP: 7/9
  2275 | Sewer    | Learned a level 5 spell: Lee's Rapid Deconstruction
  2449 | Sewer    | Reached skill level 5 in Earth Magic
  3321 | D:3      | Reached XP level 6. HP: 35/35 MP: 0/10
  3448 | D:3      | Found a hide-covered altar of Uskayaw.
  3448 | D:3      | Found an ornate altar of the Wu Jian Council.
  3570 | D:3      | Found a shattered altar of Ashenzari.
  3729 | D:3      | Found a glowing golden altar of the Shining One.
  3936 | D:4      | Found a sand-covered staircase.
  3946 | Ossuary  | Entered an ossuary
  3982 | Ossuary  | Reached skill level 6 in Earth Magic
  4748 | D:4      | Noticed an orc warrior
  5382 | D:4      | Reached XP level 7. HP: 40/40 MP: 6/11
  5776 | D:5      | Entered Level 5 of the Dungeon
  6009 | D:4      | Reached skill level 7 in Earth Magic
  6781 | D:5      | Reached XP level 8. HP: 39/48 MP: 3/12
  6979 | D:5      | Reached skill level 8 in Earth Magic
  7191 | D:6      | Noticed Duvessa
  7191 | D:6      | Noticed Dowan
  7195 | D:6      | Killed Duvessa
  7201 | D:6      | Killed Dowan
  7417 | D:6      | Noticed Grinder
  7422 | D:6      | Found a staircase to the Ecumenical Temple.
  7426 | D:6      | Killed Grinder
  7426 | D:6      | Reached skill level 9 in Earth Magic
  7440 | Temple   | Entered the Ecumenical Temple
  7593 | Temple   | Became a worshipper of Vehumet
  7657 | D:6      | Reached skill level 5 in Conjurations
  7821 | D:6      | Learned a level 4 spell: Petrify
  7862 | D:6      | Reached skill level 5 in Fighting
  8032 | D:6      | Noticed Edmund
  8223 | D:6      | Reached XP level 9. HP: 54/54 MP: 9/13
  8258 | D:6      | Found a burning altar of Makhleb.
  8258 | D:6      | Noticed a balrug
  8355 | D:6      | Killed Edmund
  8355 | D:6      | Reached skill level 10 in Earth Magic
  8767 | D:7      | Reached * piety under Vehumet
  8767 | D:7      | Offered knowledge of Magic Dart by Vehumet.
  9291 | D:7      | Found a basalt altar of Yredelemnul.
  9665 | D:8      | Noticed a two-headed ogre
  9776 | D:8      | You fall through a shaft for 3 floors!
  9784 | D:10     | Entered Level 10 of the Dungeon
  9964 | D:10     | Reached skill level 11 in Earth Magic
 10109 | D:10     | Noticed a guardian serpent
 10138 | D:9      | HP: 2/56 [guardian serpent (11)]
 10478 | D:9      | Noticed Erolcha
 10490 | D:9      | Slain by Erolcha

Vault maps used:
D:1:      lightli_arrival_isolated_outpost
D:2:      kennysheep_slug_shrine
D:3:      cheibrodos_ashenzari_chains, nicolae_overflow_crystal_walls,
          tso_oasis_becter, gammafunk_temple_overflow_elements, first_ration,
          cheibrodos_sewer_entry_sluice, nicolae_tso_swordbearing_angel
D:4:      nicolae_ossuary_entry_monument
D:6:      makhleb_altar_promises_db, temple_pool_b, uniq_duvessa, uniq_grinder,
          uniq_edmund
D:7:      yredelemnul_forgotten_temple_becter, nicolae_overflow_hidden_temple
D:8:      grunt_pizzeria
D:9:      david_lair_shrubbed, david_orc_1_choice, uniq_erolcha
D:10:     serial_shops, kennysheep_little_box, hangedman_abyss_or_decor_passed,
          nrook_guardian_serpent_ordinary, uniq_maurice, uniq_urug
D:11:     portal_ice_cave_rime, lemuel_blue_sif_altar
Temple:   nicolae_temple_figure_eight
Sewer:    sewer_co_cracked_pipes
Ossuary:  ossuary_crypta

Skill      XL: |  1  2  3  4  5  6  7  8  9 |
---------------+----------------------------+-----
Dodging        | 2 |  2.0
Earth Magic    | 4 5 6 7 9 11 | 11.4
Fighting       | 1 2 3 5 6 |  6.8
Conjurations   | 1 2 3 4 5 6 |  6.8
Spellcasting   | 3 |  3.0
Stealth        | |  2.9
Transmutations | |  0.7

Action                   |  1- 3 |  4- 6 |  7- 9 || total
-------------------------+-------+-------+-------++-------
Melee: Spear             |     3 |       |       ||     3
       Unarmed           |     3 |       |       ||     3
       Whip              |     3 |   135 |    90 ||   228
 Cast: Sandblast         |    45 |    49 |    58 ||   152
       Stone Arrow       |     2 |    32 |    66 ||   100
       Lee's Rapid Decon |       |     3 |    11 ||    14
       Petrify           |       |       |     9 ||     9
Evoke: Wand              |       |     6 |       ||     6
  Use: Scroll            |     2 |     7 |     2 ||    11
       Potion            |       |     1 |     1 ||     2
 Stab: Distracted        |       |     2 |       ||     2
       Sleeping          |       |     1 |     2 ||     3
       Petrified         |       |       |    11 ||    11
  Eat: Chunk             |     2 |    12 |    19 ||    33
       Ration            |       |     2 |     2 ||     4
Armor: Robe              |     5 |    53 |    14 ||    72
       Leather armour    |       |       |    36 ||    36
Dodge: Dodged            |    14 |    95 |    82 ||   191

Table legend:
 A = Non-vault XP
 B = Vault XP
 C = Vault XP percentage of total XP
 D = Non-vault monster count
 E = Vault monster count
 F = Vault count percentage of total count
                 A         B        C        D         E       F
            +---------+---------+-------+---------+---------+-------
      Total |    3397 |     947 |  21.8 |     152 |      46 |  23.2
            +---------+---------+-------+---------+---------+-------
        D:1 |      26 |       0 |   0.0 |      14 |       0 |   0.0
        D:2 |      95 |       4 |   4.0 |      23 |       1 |   4.2
        D:3 |     107 |      20 |  15.7 |      24 |       3 |  11.1
        D:4 |     234 |       0 |   0.0 |      19 |       0 |   0.0
        D:5 |     642 |       0 |   0.0 |      19 |       0 |   0.0
        D:6 |     534 |     660 |  55.3 |      13 |       4 |  23.5
        D:7 |     821 |       1 |   0.1 |      16 |       1 |   5.9
        D:8 |      39 |       0 |   0.0 |       1 |       0 |   0.0
        D:9 |     310 |       0 |   0.0 |      10 |       0 |   0.0
       D:10 |     589 |       0 |   0.0 |      13 |       0 |   0.0
      Sewer |       0 |      98 | 100.0 |       0 |      23 | 100.0
    Ossuary |       0 |     164 | 100.0 |       0 |      14 | 100.0
            +---------+---------+-------+---------+---------+-------
